 Dungeon Crawl Stone Soup version 0.30-a0-389-g8d7d949f56 (webtiles) character file.

Game seed: 7261395626936983201

1 PyroL the Grave Robber (level 1, 5/13 HPs)
             Began as a Demonspawn Necromancer on Dec 3, 2022.
             Quit the game on level 1 of the Dungeon.
             The game lasted 00:00:20 (37 turns).

PyroL the Grave Robber (Demonspawn Necromancer)       Turns: 37, Time: 00:00:20

Health: 5/13       AC:  2    Str:  8    XL:     1   Next: 16%
Magic:  0/3        EV: 12    Int: 16    God:
Gold:   5          SH:  0    Dex: 13    Spells: 3/4 levels left

rFire   . . .      SeeInvis .    (no weapon)
rCold   . . .      Faith    .    (no shield)
rNeg    . . .      Spirit   .    a - +0 robe
rPois   .          Reflect  .    (no helmet)
rElec   .          Harm     .    (no cloak)
rCorr   .          Rampage  .    (no gloves)
Will    .....                    (no boots)
Stlth   ++........               (no amulet)
HPRegen 0.22/turn                (no ring)
MPRegen 0.08/turn                (no ring)

@: no status effects
A: no striking features
a: no special abilities


You were on level 1 of the Dungeon.
You visited 1 branch of the dungeon, and saw 1 of its levels.

You collected 5 gold pieces.

Inventory:

Armour
 a - a +0 robe (worn)
Potions
 b - a potion of magic


   Skills:
 - Level 1.7 Dodging
 - Level 1.7 Stealth
 + Level 2.0 Spellcasting
 + Level 4.4 Necromancy


You had 3 spell levels left.
You knew the following spells:

 Your Spells              Type           Power      Damage    Failure   Level
a - Necrotise             Necr           60%        1d7       3%          1

Your spell library contained the following spells:

 Spells                   Type           Power      Damage    Failure   Level
 Vampiric Draining        Necr           15%        2d7       10%         3
 Animate Dead             Necr           15%        N/A       32%         4
 Agony                    Necr           15%        N/A       67%         5


Dungeon Overview and Level Annotations

Branches:
Dungeon (1/15)

Altars:


Message History

2 jackals come into view.
The jackal barks! x2; You hear an angry hiss.
You hear a shout!
A jackal comes into view.
The jackal writhes in agony.
You kill the jackal!
The dead are walking!
The jackal bites your jackal skeleton.
A dart slug comes into view.
A goblin comes into view. It is wielding a +0 club.
The jackal barely resists.
The jackal barely misses your jackal skeleton.
Your jackal skeleton barely misses the jackal.
The jackal barely misses your jackal skeleton.
The jackal bites you. The jackal bites your jackal skeleton.
The jackal writhes in agony.
The jackal bites your jackal skeleton.
The jackal barely misses your jackal skeleton.
Your jackal skeleton misses the jackal.
The jackal closely misses you.
You are out of magic!
Sorry, you're not good enough to have a special ability.
The jackal bites your jackal skeleton.
Your jackal skeleton is destroyed!
You are out of magic!
You are out of magic!
You miss the jackal.
The jackal is severely wounded.
The jackal bites you. x2
The jackal bites you. The jackal attacks as you move away!
The jackal misses you.
A goblin comes into view. It is wielding a +0 club.
The jackal bites you.
The goblin shouts!
You hear a shout!
The jackal bites you but does no damage.
The jackal bites you. The jackal closely misses you.
There is an open door here.
The jackal barely misses you.
The jackal writhes in agony.
The jackal bites you.
* * * LOW HITPOINT WARNING * * *
The jackal completely misses you.
You are too injured to fight recklessly!
Sorry, you're not good enough to have a special ability.
Are you sure you want to abandon this character and quit the game? (Confirm with "yes".)

#....## ...
##....## ##..#
#..#..#####....#
#..##h..........
..............###
..########..###
##.
#.....#.B######.
.
#....h#.........
#
+..<@hgB......##
#....h#######...
#.....# ##
#######


You could see 3 jackals, a giant cockroach and a goblin.

Vanquished Creatures
  A jackal (D:1)
1 creature vanquished.

Notes
Turn   | Place    | Note
-------+----------+-------------------------------------------
     0 | D:1      | PyroL the Demonspawn Necromancer began the quest for the
                  | Orb.
     0 | D:1      | Reached XP level 1. HP: 13/13 MP: 3/3
    37 | D:1      | Quit the game

Illustrated notes

Levels and vault maps discovered:
D:1:      minmay_arrival_checkered_box, layout_rooms,
          ebering_dispersal_statue_hall, minmay_tall_x

Action                   || total
-------------------------++-------
Melee: Unarmed           ||     1
 Cast: Necrotise         ||     4
Armor: Robe              ||     1
Dodge: Dodged            ||     5

Table legend: (Time is in decaauts)
 A = Elapsed time spent in this place.
 B = Non-inter-level travel time spent in this place.
 C = Inter-level travel time spent in this place.
 D = Time resting spent in this place.
 E = Time spent auto-exploring this place.
 F = Levels seen in this place.
 G = Mean time per level.
                   A        B        C        D        E       F      G
               +--------+--------+--------+--------+--------+-----+--------+
         Total |     37 |     37 |      0 |      0 |     17 |   1 |   37.0 |
       Dungeon |     37 |     37 |      0 |      0 |     17 |   1 |   37.0 |
               +--------+--------+--------+--------+--------+-----+--------+

Top non-repeatable levels by time:
     D:1: 37 daAuts
